 Dungeon Crawl Stone Soup version 0.20-a0-513-g02c11fc (webtiles) character file.

127 kae the Skirmisher (level 5, -1/42 HPs)
             Began as a Barachian Fighter on Jan 23, 2017.
             Slain by an orc wizard
             ... wielding a +0 dagger
              (2 damage)
             ... on level 3 of the Dungeon.
             The game lasted 00:02:18 (2003 turns).

kae the Skirmisher (Barachian Fighter)              Turns: 2003, Time: 00:02:18

Health: -1/42      AC:  8    Str: 15    XL:     5   Next: 11%
Magic:  0/5        EV:  6    Int:  6    God:
Gold:   128        SH:  7    Dex: 11    Spells: 4/4 levels left

rFire    . . .     SeeInvis .   a - +0 long sword
rCold    . . .     Gourm    .   b - +0 scale mail
rNeg     . . .     Faith    .   c - +0 shield
rPois    .         Spirit   +   u - +1 helmet
rElec    .         Reflect  .   (no cloak)
rCorr    .         Harm     .   (no gloves)
MR       .....                  (no boots)
Stlth    ..........             n - amulet of guardian spirit
Regen    0.2/turn               (no ring)
                                (no ring)

@: very heavily drained, slow
A: swims, slowness 1, strong legs 1
a: Hop


You were on level 3 of the Dungeon.
You were hungry.

You visited 1 branch of the dungeon, and saw 3 of its levels.

You collected 128 gold pieces.

Inventory:

Hand Weapons
 a - a +0 long sword (weapon)
Armour
 b - a +0 scale mail (worn)
 c - a +0 shield (worn)
 u - a +1 helmet (worn)
Jewellery
 n - an amulet of guardian spirit (around neck)
 s - a +4 ring of protection {unknown}
Scrolls
 g - a scroll of blinking {unknown}
 h - 4 scrolls of identify {unknown}
 i - a scroll of teleportation {unknown}
 k - a scroll of remove curse {unknown}
 p - a scroll of amnesia {unknown}
 v - 2 scrolls of fear {unknown}
Potions
 d - 2 potions of might
Comestibles
 f - a bread ration
 j - a meat ration
 t - a royal jelly


   Skills:
 + Level 4.2(1.0) Fighting
 * Level 4.2(1.0) Long Blades
 + Level 4.0(0.8) Armour
 - Level 3.0(0.0) Shields


You had 4 spell levels left.
You didn't know any spells.

Dungeon Overview and Level Annotations

Branches:
Dungeon (3/15)

Altars:


Innate Abilities, Weirdness & Mutations

You can swim through water.
You cover ground slowly.
You can hop short distances.


Message History

You miss something.
You feel less confused. Something hits you but does no damage.
You miss something.
You hear some strange, mumbled words.
A magic dart appears from out of thin air!
The magic dart hits you!
* * * LOW HITPOINT WARNING * * *
You block something's attack.
You closely miss something. Something hits you but does no damage.
You miss something.
You float gracefully downwards.
You hear some strange, mumbled words.
A magic dart appears from out of thin air!
The magic dart hits you!
* * * LOW HITPOINT WARNING * * *
You hear some strange, mumbled words.
A puff of flame appears from out of thin air!
The puff of flame hits you!
You barely miss something. Something hits you.
You die...

#####.......###
#...(.........##
#.###.####.....################
#.# #.#...........>............
#.# #.#.##....(################
##.###.#.###.#(..(.)...# ###
##.#.##.#.# #.#).######.# #..
#.###.....###.#.>#...##.# #.#
#..#.##.......#.@{...##.# #.#
#.#.############>#...##.# #.#
#.#.# #......##.###.# #.# #)#.#
#.#######.# #.# #.< #.#.# ##.##
#.# #.# #.# #.#.# ##.#>## #.#
#.# ####.# #.#.#####.###.## #.#
#.# #....# #.#......## ##.# #.#
#.# #.#..# #.........###.## #.#
#.####.#...


There were no monsters in sight!

Vanquished Creatures
  Ijyb (D:3)
  An orc wizard (D:3)
  2 adders
  An ooze (D:1)
  A worm (D:2)
  2 dart slugs
  3 orcs (D:3)
  5 bats
  A giant cockroach (D:1)
  6 goblins
  4 hobgoblins
  4 jackals (D:2)
  7 kobolds
  A frilled lizard (D:1)
  9 rats
48 creatures vanquished.

Notes
Turn   | Place    | Note
-------+----------+-------------------------------------------
     0 | D:1      | kae the Barachian Fighter began the quest for the Orb.
     0 | D:1      | Reached XP level 1. HP: 18/18 MP: 1/1
    67 | D:1      | Reached XP level 2. HP: 24/24 MP: 2/2
   535 | D:2      | Reached XP level 3. HP: 30/30 MP: 3/3
  1354 | D:3      | Reached XP level 4. HP: 18/37 MP: 2/4
  1762 | D:3      | Noticed Ijyb
  1789 | D:3      | Killed Ijyb
  1951 | D:3      | Reached XP level 5. HP: 39/42 MP: 3/5
  1975 | D:3      | HP: 2/42 [something (1)]
  2002 | D:3      | HP: 1/42 [something/magic dart (3)]
  2003 | D:3      | Slain by an orc wizard

Vault maps used:
D:1:      minmay_arrival_stair_chambers
D:3:      lemuel_doored_altar, lemuel_blue_sif_altar, uniq_iyjb

Skill      XL: |  1  2  3  4 |
---------------+-------------+-----
Long Blades    | 3 4 |  4.2
Fighting       | 4 |  4.2
Armour         | 4 |  4.0
Shields        | |  3.0

Action                   |  1- 3 |  4- 6 || total
-------------------------+-------+-------++-------
Melee: Long sword        |   138 |    97 ||   235
 Abil: Hop               |     1 |     1 ||     2
  Use: Potion            |       |     5 ||     5
  Eat: Chunk             |     2 |     2 ||     4
Armor: Scale mail        |    75 |    65 ||   140
Dodge: Dodged            |    41 |    17 ||    58
Block: Shield            |    76 |    40 ||   116
       Rpst.: Long sword |    16 |     5 ||    21
